AoeStats
← NossilaSednem

Arena

515857504Analyzed
1v1 RM · 4d ago on Oct 24, 2026· 53m 51s· 2 players
Game mode
Random Map
Map size
Tiny (2 player)
Population
200
Speed
Normal
Resources
Standard
Victory
Conquest
Starting age
Dark Age
Ending age
Imperial Age
RankedLock teamsTeams togetherTeam positionsShared explorationLock speedFull tech treeHidden civsTurbo modeCheats
Victory
Defeat
🇬🇹 Chinese · Guatemala
1093
+15
vs
🇧🇷 Poles · Brazil
1070
-15
NossilaSednem
9:25 Loom
11:12 Feudal Age
15:13 Castle Age
13:29 Double-Bit Axe
13:46 Horse Collar
16:41 Forging
17:05 Bow Saw
17:14 Heavy Plow
24:29 Stone Mining
24:29 Gold Mining
26:20 Wheelbarrow
25:35 Town Watch
26:48 Forging
30:23 Imperial Age
29:27 Szlachta Privileges
29:38 Forging
29:34 Scale Barding Armor
30:13 Bloodlines
30:18 Husbandry
31:11 Cavalier
33:09 Iron Casting
32:35 Scale Mail Armor
32:45 Fletching
33:35 Chain Barding Armor
33:18 Scale Mail Armor
33:19 Padded Archer Armor
33:27 Elite Skirmisher
34:46 Iron Casting
34:07 Bodkin Arrow
34:42 Hand Cart
42:22 Ballistics
43:02 Chemistry
41:58 Murder Holes
DarkAngel2173
0:29 Loom
10:35 Feudal Age
11:02 Double-Bit Axe
10:58 Horse Collar
18:02 Castle Age
17:13 Fletching
18:21 Pikeman
19:15 Bodkin Arrow
19:29 Heavy Plow
20:21 Bow Saw
26:26 Town Watch
29:46 Imperial Age
28:21 Ballistics
28:07 Town Patrol
28:43 Wheelbarrow
29:36 Padded Archer Armor
29:50 Masonry
29:41 Gold Mining
29:43 Stone Mining
30:58 Halberdier
31:56 Scale Mail Armor
32:07 Forging
32:33 Capped Ram
34:13 Chain Mail Armor
34:34 Iron Casting
35:05 Chemistry
35:18 Conscription
34:57 Siege Ram
43:59 Plate Mail Armor
44:29 Blast Furnace
43:31 Bracer
44:52 Heavy Rocket Cart
Connection lost

Rejoining the realm…

Still unreachable

The connection could not be restored.

Session expired

The server has moved on; the page needs a fresh start.